 Dungeon Crawl Stone Soup version 0.29-a0-1043-g569b05d6ff (webtiles) character file.

Game seed: 8467847218671857370

79075 fmbfm the Unseen (level 15, -7/77 HPs)
             Began as a Spriggan Enchanter on Aug 16, 2022.
             Was the Champion of Dithmenos.
             Killed by an exploding orc warrior (17 damage)
             ... ignited by their inner flame
             ... on level 2 of the Orcish Mines.
             The game lasted 00:48:01 (24970 turns).

fmbfm the Unseen (Spriggan Enchanter)              Turns: 24970, Time: 00:48:02

Health: -7/77      AC: 15    Str:  9    XL:     15   Next: 20%
Magic:  33/33      EV: 29    Int: 15    God:    Dithmenos [******]
Gold:   2062       SH:  0    Dex: 22    Spells: 30/41 levels left

rFire   + . .      SeeInvis +   a - +5 dagger (venom)
rCold   + . .      Faith    .   w - orb {guile}
rNeg    . . .      Spirit   .   B - +2 robe {rF+}
rPois   .          Reflect  .   y - +0 mask of the Dragon {Will+ Slay+3 SInv}
rElec   .          Harm     .   M - +1 cloak
rCorr   .          Rampage  .   (gloves unavailable)
Will    +....                   (boots unavailable) Stlth ****++++++
                                H - amulet of the acrobat
HPRegen 0.22/turn               P - +4 ring of protection
MPRegen 0.23/turn               h - +4 ring of protection

@: flying, wreathed by umbra, invisible, very quick
A: very small, no large weapons, unfitting armour, see invisible, speed 3, agile
1, cold resistance 1, shaggy fur 1
a: Renounce Religion, Shadow Step, Shadow Form


You were on level 2 of the Orcish Mines.
You worshipped Dithmenos.
Dithmenos was exalted by your worship.
You visited 4 branches of the dungeon, and saw 23 of its levels.
You also visited: Sewer and Ossuary.

You collected 2062 gold pieces.

Inventory:

Hand Weapons
 a - a +5 dagger of venom (weapon)
 b - a +1 dagger of electrocution
 L - a +4 rapier of speed
Missiles
 l - 8 curare-tipped darts (quivered)
 F - a throwing net
Armour
 i - a scarf of invisibility
 w - an orb of guile (worn)
 y - the +0 mask of the Dragon (worn) {Will+ Slay+3 SInv}
   (You acquired it on level 9 of the Dungeon)

   Slay:      It affects your accuracy & damage with ranged weapons and melee
   (+3).
   SInv:      It lets you see invisible.
   Will:      It increases your willpower.
 B - a +2 robe of fire resistance (worn)
 D - +0 steam dragon scales
 M - a +1 cloak (worn)
Jewellery
 e - a ring of fire
 h - a +4 ring of protection (right hand)
 j - a ring of resist corrosion
 A - a ring of the Octopus King {rC+ HP+2 AC+2 EV+2 SH+2}
   (You found it on level 5 of the Lair of Beasts)

   [ring of protection from cold]

   AC:        It affects your AC (+2).
   EV:        It affects your evasion (+2).
   rC:        It protects you from cold.
   HP:        It affects your health (+2).
   SH:        It affects your SH (+2).
 H - an amulet of the acrobat (around neck)
 K - a ring of protection from fire
 P - a +4 ring of protection (left hand)
Wands
 k - a wand of roots (8)
 m - a wand of paralysis (11)
 C - a wand of flame (21)
 J - a wand of mindburst (24)
 Q - a wand of light (1)
 S - a wand of polymorph (4)
Scrolls
 r - a scroll of blinking
 t - 6 scrolls of teleportation
 u - 4 scrolls of butterflies
 v - 3 scrolls of vulnerability
 z - 3 scrolls of magic mapping
 O - 2 scrolls of immolation
 T - 3 scrolls of identify
Potions
 c - 2 potions of invisibility
 f - 3 potions of mutation
 g - 12 potions of curing
 n - 3 potions of heal wounds
 o - 4 potions of might
 p - 2 potions of resistance
 q - 5 potions of flight
 s - 5 potions of brilliance
 x - 2 potions of magic
 E - 2 potions of haste
 G - 2 potions of cancellation
 I - a potion of lignification
 R - a potion of berserk rage
Miscellaneous
 d - a phial of floods
 N - a box of beasts


   Skills:
 + Level 8.3 Fighting
 - Level 12.0 Short Blades
 + Level 13.0 Dodging
 + Level 19.0 Stealth
 + Level 13.8 Spellcasting
 + Level 17.0 Hexes


You had 30 spell levels left.
You knew the following spells:

 Your Spells              Type           Power      Damage    Failure   Level
a - Ensorcelled Hibernat  Hex/Ice        70%        N/A       1%          2
b - Tukima's Dance        Hex            57%        N/A       1%          3
c - Dazzling Flash        Conj/Hex       70%        N/A       1%          3
d - Confusing Touch       Hex            57%        N/A       1%          3

Your spell library contained the following spells:

 Spells                   Type           Power      Damage    Failure   Level
 Portal Projectile        Hex/Tloc       70%        N/A       1%          3
 Fulminant Prism          Conj/Hex       17%        3d11      1%          4
 Summon Mana Viper        Hex/Summ       35%        N/A       5%          5
 Poisonous Vapours        Pois/Air       20%        N/A       10%         2
 Gell's Gravitas          Tloc           10%        N/A       21%         3
 Mephitic Cloud           Conj/Pois/Air  10%        N/A       21%         3
 Teleport Other           Tloc           10%        N/A       21%         3
 Corpse Rot               Necr/Pois/Air  10%        N/A       54%         4
 Iskenderun's Mystic Bla  Conj/Tloc      10%        2d4       54%         4
 Summon Lightning Spire   Summ/Air       10%        N/A       54%         4
 Blade Hands              Tmut           5%         N/A       88%         5
 Borgnjor's Vile Clutch   Necr/Erth      5%         N/A       88%         5
 Freezing Cloud           Conj/Ice/Air   5%         6-21      88%         5
 Lee's Rapid Deconstruct  Erth           5%         3d7*      88%         5
 Summon Forest            Summ/Tloc      5%         N/A       88%         5
 Dispersal                Tloc           5%         N/A       100%        6
 Simulacrum               Ice/Necr       5%         N/A       100%        6
 Summon Cactus Giant      Summ           5%         N/A       100%        6
 Malign Gateway           Summ/Tloc      5%         N/A       100%        7
 Storm Form               Tmut/Air       5%         N/A       100%        7
 Maxwell's Capacitive Co  Air            5%         ∞         100%        8
 Summon Horrible Things   Summ           5%         N/A       100%        8
 Polar Vortex             Ice            5%         N/A       100%        9


Dungeon Overview and Level Annotations

Branches:
Dungeon (15/15)            Temple (1/1) D:5            Lair (5/5) D:9
  Swamp (0/4) Lair:3        Snake (0/4) Lair:2          Orc (2/2) D:9
    Elf (0/3) Orc:2        Vaults (0/5) D:13          Sewer (visited)
Ossuary (visited)
  Slime: Lair:4-5    Depths: D:15

Altars:
Ashenzari
Cheibriados
Dithmenos
Elyvilon
Fedhas
Gozag
Hepliaklqana
Kikubaaqudgha
Makhleb
Nemelex Xobeh
Okawaru
Qazlal
Ru
Sif Muna
Trog
Uskayaw
Vehumet
Wu Jian
Xom
Yredelemnul
Zin
The Shining One

Shops:
D:14 (   Orc:2 :[==

Annotations:
Lair:4 3 runed translucent doors, exclusion: oklob plant, hackon's ghost, journeyman HOFi
Orc:2 1 runed translucent door


Innate Abilities, Weirdness & Mutations

You are very small and have problems with some larger weapons.
You are too small for most types of armour.
You have supernaturally acute eyesight. (SInv)
You cover ground extremely quickly. (Speed+++)
You are agile. (Dex +4, Str/Int -1)
Your flesh is cold resistant. (rC+)
You are covered in fur. (AC +1)


Message History

The orc warrior completely misses you. x2
Unknown command.
Really read the scroll of immolation?
As you read the scroll of immolation, it crumbles to dust.
The creatures around you are filled with an inner flame!
The orc warrior shoots a bolt.
The bolt completely misses the orc warrior.
The bolt hits the orc warrior!
Flame seeps out of the orc warrior.
The orc warrior completely misses you.
The orc warrior is engulfed in blazing flames.
Dithmenos accepts your kill.
The orc warrior explodes!
The fiery explosion engulfs the orc warrior!!
Dithmenos accepts your kill. The fiery explosion engulfs you! You resist.
The fiery explosion engulfs the orc warrior!!
Dithmenos accepts your kill.
The fiery explosion engulfs the orc warrior!!
Dithmenos accepts your kill.
The orc warrior explodes!
The fiery explosion engulfs you!! You resist.
You emit a cloud of dark smoke.
The orc warrior explodes!
The fiery explosion engulfs you! You resist.
The orc warrior explodes!
The fiery explosion engulfs the orc knight!!
Flame seeps out of the orc knight.
The orc knight is heavily wounded.
The fiery explosion engulfs the orc warrior!!!
Dithmenos accepts your kill. The fiery explosion engulfs you! You resist.
* * * LOW HITPOINT WARNING * * *
The orc warrior explodes!
The fiery explosion engulfs the orc warrior!
Flame seeps out of the orc warrior.
The orc warrior is heavily wounded.
The fiery explosion engulfs the orc knight.
Flame seeps out of the orc knight.
The orc knight is heavily wounded.
The fiery explosion engulfs you! You resist.
You die...

#.................
#...##..##..##...#
#..##..........≈≈#
#..#..........≈≈≈#
#.......)...≈≈≈≈# ##
#..#......≈≈≈≈####∩##
#..#.....≈≈≈≈####§§.####≈
#........o))o§§§§§§.oo.oo
........)o.§§oo@○§oooo.o
..#....c≈≈≈§####§..####≈
..#......≈≈≈≈ ##§##
........c≈≈≈ ##
#..........≈≈
#..........≈≈
##..##..##...#


You could see an orc knight (inner flame, unable to see you) and 8 orc warriors.

Vanquished Creatures
  Josephine (Lair:5)
  A yaktaur captain (D:14)
  A boulder beetle (Lair:1)
  6 hydras
  An ogre mage (D:10)
  A merfolk avatar (Lair:5)
  8 two-headed ogres
  A catoblepas (Lair:4)
  3 tengu warriors
  4 centaur warriors
  A death yak (Lair:4)
  A deep troll earth mage (D:14)
  A death knight (D:12)
  A deep elf knight (D:12)
  Nergalle (D:11)
  4 skeletal warriors (D:14)
  A sea snake (Lair:5)
  A sea snake (shapeshifter) (D:14)
  A wizard (D:15)
  2 harpies (Lair:5)
  3 orc knights
  3 deep elf pyromancers
  An oklob plant (Lair:5)
  A wolf spider (D:15)
  2 manticores
  8 ugly things
  3 cyclopes
  12 elephants
  A guardian serpent (shapeshifter) (D:14)
  4 black mambas
  2 gargoyles
  6 cane toads
  2 rime drakes (Lair:3)
  2 kobold demonologists
  An unseen horror (D:12)
  11 komodo dragons
  2 hornets
  A meliai (shapeshifter) (D:13)
  6 trolls
  A wind drake (Lair:5)
  11 blink frogs
  4 polar bears
  A snapping turtle (Lair:5)
  12 slime creatures
  3 vampires
  Sigmund (D:4)
  8 wraiths
  45 yaks
  A fire elemental (Lair:3)
  Eustachio (D:6)
  11 wyverns
  4 steam dragons
  8 vampire mosquitoes
  2 basilisks
  2 acid dragons
  18 water moccasins
  2 meliai simulacra (D:12)
  3 ice beasts
  21 orc warriors
  2 sky beasts
  5 black bears
  13 wolves
  4 ogres
  12 centaurs
  2 elf zombies (Ossuary)
  3 phantoms
  4 kobold brigands
  8 bullfrogs
  3 scorpions
  2 gnoll sergeants
  4 necrophages
  8 wights
  41 killer bees
  4 howler monkeys
  An electric eel (D:12)
  A lava snake (Lair:3)
  A jelly (D:5)
  6 hounds
  17 orc priests
  A human zombie (Ossuary)
  12 orc wizards
  A hound zombie (Ossuary)
  3 mummies (Ossuary)
  10 gnolls
  8 adders
  A river rat (Sewer)
  4 white imps
  5 ufetubi
  5 adder zombies (Ossuary)
  3 worms
  52 orcs
  7 endoplasms
  3 giant cockroaches
  2 gnoll zombies (Ossuary)
  10 goblins
  6 hobgoblins
  12 jackals
  36 kobolds
  3 quokkas
  11 ball pythons
  8 bats
  3 frilled lizards
  4 goblin zombies (Ossuary)
  3 jackal zombies (Ossuary)
  2 kobold zombies (Ossuary)
  2 orc zombies (Ossuary)
  6 quokka zombies (Ossuary)
  7 rats
  5 rat zombies (Ossuary)
647 creatures vanquished.

Vanquished Creatures (collateral kills)
  A warg (Orc:1)
  An orc warrior (Orc:1)
  5 wights
  An orc wizard (Orc:1)
  2 gnolls
  An orc (D:7)
11 creatures vanquished.

Vanquished Creatures (others)
  4 dancing weapons
  2 water elementals (D:12)
  An orc warrior (Orc:2)
  3 orcs (Orc:2)
  42 fungi
  82 plants
134 creatures vanquished.

Grand Total: 792 creatures vanquished

Notes
Turn   | Place    | Note
-------+----------+-------------------------------------------
     0 | D:1      | fmbfm the Spriggan Enchanter began the quest for the Orb.
     0 | D:1      | Reached XP level 1. HP: 9/9 MP: 5/5
    90 | D:1      | Found a faded altar of an unknown god.
   110 | D:1      | Reached XP level 2. HP: 13/13 MP: 7/7
   118 | D:1      | Learned a level 2 spell: Ensorcelled Hibernation
  1172 | D:2      | Reached XP level 3. HP: 16/16 MP: 9/9
  1178 | D:2      | Learned a level 3 spell: Tukima's Dance
  1182 | D:2      | Learned a level 3 spell: Confusing Touch
  1940 | D:2      | Reached XP level 4. HP: 16/21 MP: 11/11
  2400 | D:3      | Reached skill level 5 in Hexes
  3400 | D:4      | Learned a level 3 spell: Dazzling Flash
  3401 | D:4      | Noticed Sigmund
  3413 | D:4      | Killed Sigmund
  3414 | D:4      | Reached skill level 5 in Spellcasting
  3414 | D:4      | Reached XP level 5. HP: 23/24 MP: 7/14
  3414 | D:4      | Reached XP level 6. HP: 27/28 MP: 7/15
  3570 | D:4      | Reached skill level 5 in Stealth
  3788 | D:4      | Reached XP level 7. HP: 32/32 MP: 14/17
  3894 | D:4      | Reached skill level 6 in Stealth
  4179 | D:4      | Paralysed by a hobgoblin for 5 turns
  4328 | D:5      | Entered Level 5 of the Dungeon
  4452 | D:5      | Found a staircase to the Ecumenical Temple.
  4460 | Temple   | Entered the Ecumenical Temple
  4614 | Temple   | Became a worshipper of Dithmenos the Shadowed
  4725 | D:5      | Found a glowing drain.
  4738 | Sewer    | Entered a sewer
  5476 | Sewer    | Reached XP level 8. HP: 36/36 MP: 19/19
  5617 | D:5      | Reached skill level 7 in Stealth
  5669 | D:5      | Reached * piety under Dithmenos
  5900 | D:5      | Reached XP level 9. HP: 39/39 MP: 21/21
  6100 | D:5      | Reached skill level 12 in Stealth
  6100 | D:5      | Reached XP level 10. HP: 44/44 MP: 22/22
  6365 | D:6      | Found a shimmering blue altar of Sif Muna.
  6369 | D:6      | Noticed a two-headed ogre
  6372 | D:6      | Killed a two-headed ogre
  6836 | D:6      | Noticed Eustachio
  6846 | D:6      | Killed Eustachio
  6922 | D:6      | Reached skill level 1 in Fighting
  7603 | D:7      | Found a sand-covered staircase.
  7604 | D:7      | Gained mutation: You have hidden genetic potential. [potion
                  | of mutation]
  7604 | D:7      | Gained mutation: You are agile. (Dex +4, Str/Int -1)
                  | [potion of mutation]
  7614 | Ossuary  | Entered an ossuary
  7638 | Ossuary  | Reached ** piety under Dithmenos
  8085 | D:7      | Reached *** piety under Dithmenos
  8132 | D:7      | Found a glowing golden altar of the Shining One.
  8227 | D:7      | Reached skill level 13 in Stealth
  8403 | D:7      | Found a hazy altar of Hepliaklqana.
  8435 | D:7      | Found a burning altar of Makhleb.
  9067 | D:8      | Found a sparkling altar of Nemelex Xobeh.
  9191 | D:8      | Reached XP level 11. HP: 51/51 MP: 16/24
  9193 | D:8      | Reached skill level 5 in Dodging
  9541 | D:8      | Found a bloodstained altar of Trog.
  9965 | D:9      | Found a staircase to the Lair.
 10043 | D:9      | Got the Quarto of Deathly Damage Dealing
 10056 | D:9      | Gained mutation: Your flesh is cold resistant. (rC+)
                  | [hidden potential]
 10097 | D:9      | Found a staircase to the Orcish Mines.
 10113 | D:9      | Reached **** piety under Dithmenos
 10204 | D:9      | Identified a scroll of acquirement
 10204 | D:9      | Acquired the +0 mask of the Dragon {Will+ Slay+3 SInv}
 10204 | D:9      | Found the +0 mask of the Dragon {Will+ Slay+3 SInv}
 10610 | D:10     | Entered Level 10 of the Dungeon
 10883 | D:10     | Identified the +0 ring mail of the Armadillo {Rampage}
 10932 | D:10     | Noticed an orc knight
 10933 | D:10     | Noticed an ogre mage
 10933 | D:10     | Noticed a two-headed ogre
 10935 | D:10     | Noticed a two-headed ogre
 10938 | D:10     | Noticed a two-headed ogre
 10942 | D:10     | Noticed an eight-headed hydra
 10943 | D:10     | Noticed a tengu warrior
 10951 | D:10     | Killed an ogre mage
 10952 | D:10     | Reached skill level 14 in Stealth
 10953 | D:10     | Killed a two-headed ogre
 10981 | D:10     | Killed an orc knight
 10992 | D:10     | Killed a two-headed ogre
 11009 | D:10     | Killed a tengu warrior
 11033 | D:10     | Killed an eight-headed hydra
 11036 | D:10     | Killed a two-headed ogre
 11037 | D:10     | Reached XP level 12. HP: 30/58 MP: 12/26
 11871 | D:11     | Noticed Nergalle
 11876 | D:11     | Killed Nergalle
 11877 | D:11     | Reached skill level 10 in Spellcasting
 12065 | D:11     | Gained mutation: You are covered in fur. (AC +1) [hidden
                  | potential]
 12065 | D:11     | Lost mutation: You have hidden genetic potential. [hidden
                  | potential expressed]
 12458 | D:11     | Noticed a two-headed ogre
 12467 | D:11     | Killed a two-headed ogre
 12468 | D:11     | Reached skill level 15 in Stealth
 13222 | D:12     | Noticed a two-headed ogre
 13225 | D:12     | Noticed a tengu warrior
 13226 | D:12     | Killed a two-headed ogre
 13231 | D:12     | Killed a tengu warrior
 13304 | D:12     | Reached skill level 5 in Fighting
 13411 | D:12     | Noticed an eight-headed hydra
 13480 | D:12     | Killed an eight-headed hydra
 13493 | D:12     | Noticed a four-headed hydra
 13514 | D:12     | Killed a four-headed hydra
 13580 | D:12     | Noticed a seven-headed hydra
 13581 | D:12     | Noticed a death knight
 13591 | D:12     | Killed a seven-headed hydra
 13602 | D:12     | Killed a death knight
 13813 | D:12     | Reached ***** piety under Dithmenos
 13814 | D:12     | Reached XP level 13. HP: 64/64 MP: 28/28
 13959 | D:12     | Reached skill level 15 in Hexes
 13994 | D:12     | Identified the +1 leather armour of the Endless Expanse
                  | {rC+ Str+7 Dex-5}
 14658 | D:13     | Reached skill level 16 in Stealth
 15111 | D:13     | Reached skill level 10 in Dodging
 15168 | D:13     | Found a gate to the Vaults.
 15252 | D:13     | You fall into a shaft and drop 2 floors!
 15252 | D:15     | Entered Level 15 of the Dungeon
 15353 | D:14     | Found Syntiji's Antique Weapon Boutique.
 16458 | D:14     | Reached skill level 17 in Stealth
 16968 | Lair:1   | Entered Level 1 of the Lair of Beasts
 17456 | Lair:1   | Reached XP level 14. HP: 61/70 MP: 31/31
 18537 | Lair:2   | Found a staircase to the Snake Pit.
 19147 | Lair:3   | Found a staircase to the Swamp.
 19719 | Lair:3   | Identified the +7 war axe of Context {holy, rCorr Dex+4}
 20041 | Lair:4   | Reached skill level 18 in Stealth
 20963 | Lair:4   | Found a runed translucent gate.
 20963 | Lair:4   | Found a runed translucent gate.
 20963 | Lair:4   | Found a runed translucent gate.
 21045 | Lair:4   | Noticed hackon's ghost (journeyman HOFi)
 21145 | Lair:4   | Reached ****** piety under Dithmenos
 21902 | Lair:5   | Entered Level 5 of the Lair of Beasts
 22111 | Lair:5   | Noticed Josephine
 22127 | Lair:5   | Killed Josephine
 22932 | Lair:5   | Reached XP level 15. HP: 15/77 MP: 9/33
 23507 | Lair:5   | Found the ring of the Octopus King
 23527 | Lair:5   | Identified a ring of the Octopus King {rC+ HP+2 AC+2 EV+2
                  | SH+2}
 23770 | Orc:1    | Entered Level 1 of the Orcish Mines
 24208 | Orc:1    | Reached skill level 19 in Stealth
 24567 | Orc:2    | Entered Level 2 of the Orcish Mines
 24593 | Orc:2    | Found a runed translucent door.
 24593 | Orc:2    | Found a staircase to the Elven Halls.
 24957 | Orc:2    | Found Demac's Antique Armour Shop.
 24957 | Orc:2    | Found Kemp's Jewellery Shoppe.
 24957 | Orc:2    | Found Wyty's Jewellery Emporium.
 24965 | Orc:2    | Found Horedal's Book Boutique.
 24970 | Orc:2    | Killed by an exploding orc warrior... ignited by their
                  | inner flame

Illustrated notes

Levels and vault maps discovered:
D:1:      lightli_arrival_maybe_door_vault, layout_rooms,
          ebering_ecumenical_altar_abandoned, minmay_tetromino_o2
D:2:      layout_loops_ring
D:3:      layout_basic, eino_tiny_chamber
D:4:      layout_cave_pools, serial_forest, infiniplex_forest_pool,
          infiniplex_forest_fountain, infiniplex_forest_straight_2,
          infiniplex_forest_straight_2, uniq_sigmund
D:5:      layout_basic, minmay_temple_entry_nine_rooms,
          cheibrodos_sewer_entry_bend
D:6:      kennysheep_big_flooded_room, layout_cave_pools, lemuel_crystal_altar,
          uniq_eustachio
D:7:      layout_rooms, nicolae_tso_carved_into_rock,
          mainiacjoe_overflow_two_lobes, lightli_ossuary_entry_decrepit_ruins
D:8:      layout_loops_ring, lightli_temple_of_fire,
          nemelex_xobeh_ov_fountains_minmay
D:9:      layout_cave_pools, due_lair_maze_entry_diamond, orc_0_dummy,
          columned_hall_lemuel
D:10:     minmay_bloctagon, layout_loops_cross
D:11:     layout_long_grid, uniq_nergalle
D:12:     minmay_tri_box, layout_layer_cave, serial_ice, serial_ice_l,
          serial_ice_f, serial_ice_g, serial_ice_o
D:13:     minmay_spotlight, layout_stronghold, david_vaults_1
D:14:     minmay_glassy_protrusions, layout_basic, nicolae_stop_n_shop_2
D:15:     grunt_enter_depths_magical_seal, layout_rooms, minivault_26
Temple:   eino_temple_scatter_basement
Lair:1:   layout_gridlike
Lair:2:   layout_cave_pods, minmay_snake_entry_six_corridors,
          nicolae_lair_lil_pond
Lair:3:   layout_gridlike, minmay_swamp_entry_swarm
Lair:4:   wad_woods_minihive, layout_hall_layers,
          minmay_slime_entry_oklob_enclosed, maelrawn_ghost_gauntlet_escape,
          minmay_stone_trees_small, nicolae_lair_yak_garden
Lair:5:   gammafunk_lair_ancient_temple, layout_misc_corridors,
          grunt_forest_small_clearings, lemuel_fruit_tree, uniq_josephine
Orc:1:    layout_diamond_mine
Orc:2:    st_orc_rangers, layout_caves, lightli_church_of_beogh

Skill      XL: |  1  2  3  4  5  6  7  8  9 10 11 12 13 14 15 |
---------------+----------------------------------------------+-----
Spellcasting   | 3 4 5 6 7 8 9 10 12 13 | 13.8
Hexes          | 4 6 7 12 13 14 15 16 17 | 17.0
Stealth        | 5 6 7 12 13 14 15 17 18 19 | 19.0
Short Blades   | 9 11 12 | 12.0
Dodging        | 4 7 9 11 12 13 | 13.0
Fighting       | 2 4 5 6 8 |  8.3

Action                   |  1- 3 |  4- 6 |  7- 9 | 10-12 | 13-15 || total
-------------------------+-------+-------+-------+-------+-------++-------
Melee: Dagger            |   147 |   124 |   120 |   628 |  1127 ||  2146
       Punch             |       |     1 |     1 |     5 |       ||     7
 Cast: Ensorcelled Hiber |     9 |    13 |    24 |    70 |    63 ||   179
       Confusing Touch   |       |     3 |     2 |    12 |    12 ||    29
       Tukima's Dance    |       |     1 |       |    27 |     7 ||    35
       Dazzling Flash    |       |       |       |       |    18 ||    18
Invok: Shadow Step       |       |       |       |     2 |     3 ||     5
Evoke: Wand              |       |       |     2 |     3 |     3 ||     8
  Use: Scroll            |     4 |     4 |       |    19 |     7 ||    34
       Potion            |     2 |       |     3 |     5 |     4 ||    14
 Stab: Sleeping          |    10 |    14 |    18 |    93 |   125 ||   260
       Confused          |       |     4 |     1 |    10 |    12 ||    27
       Distracted        |       |       |       |     6 |     8 ||    14
       Invisible         |       |       |       |     7 |    15 ||    22
Armor: Robe              |    31 |    23 |    20 |    47 |   133 ||   254
Dodge: Dodged            |   137 |    71 |    82 |   397 |  1182 ||  1869

Table legend: (Time is in decaauts)
 A = Elapsed time spent in this place.
 B = Non-inter-level travel time spent in this place.
 C = Inter-level travel time spent in this place.
 D = Time resting spent in this place.
 E = Time spent auto-exploring this place.
 F = Levels seen in this place.
 G = Mean time per level.
                   A        B        C        D        E       F      G
               +--------+--------+--------+--------+--------+-----+--------+
         Total |  18513 |  17910 |    603 |   1704 |  12581 |  25 |  740.5 |
       Dungeon |  11726 |  11334 |    392 |   1072 |   8147 |  15 |  781.7 |
        Temple |    101 |     93 |      8 |      0 |     80 |   1 |  101.0 |
          Lair |   4957 |   4771 |    186 |    478 |   3289 |   5 |  991.4 |
  Orcish Mines |    818 |    802 |     16 |    153 |    470 |   2 |  409.0 |
         Sewer |    716 |    716 |      0 |      0 |    508 |   1 |  716.0 |
       Ossuary |    192 |    192 |      0 |      0 |     85 |   1 |  192.0 |
               +--------+--------+--------+--------+--------+-----+--------+

Top non-repeatable levels by time:
  Lair:4: 1453 daAuts
  Lair:5: 1390 daAuts
    D:11: 1011 daAuts
     D:5: 998 daAuts
     D:1: 992 daAuts
    D:12: 961 daAuts
     D:2: 920 daAuts
    D:14: 907 daAuts
  Lair:2: 870 daAuts
    D:10: 839 daAuts
     D:8: 822 daAuts
     D:3: 799 daAuts
    D:13: 775 daAuts
     D:4: 723 daAuts
   Sewer: 716 daAuts
